AoeStats
← Peshmerga424

Arabia

510304154Analyzed
1v1 RM · 23h ago on Sep 30, 2026· 31m 15s· 2 players
Game mode
Random Map
Map size
Tiny (2 player)
Population
200
Speed
Normal
Resources
Standard
Victory
Conquest
Starting age
Dark Age
Ending age
Imperial Age
RankedLock teamsTeams togetherTeam positionsShared explorationLock speedFull tech treeHidden civsTurbo modeCheats
Victory
Defeat
🇸🇪 Sicilians · Sweden
1378
+14
🇦🇷 Hindustanis · Argentina
1337
-14
Peshmerga424
7:11 Loom
9:49 Feudal Age
23:26 Scale Mail Armor
26:48 Forging
30:34 Castle Age
28:33 Horse Collar
30:38 Double-Bit Axe
[TYN] Space Travesti
5:17 Loom
10:07 Feudal Age
10:09 Man-at-Arms
11:10 Double-Bit Axe
19:14 Town Watch
19:29 Fletching
21:06 Scale Mail Armor
24:01 Forging
26:14 Horse Collar
26:35 Town Watch
27:29 Wheelbarrow
27:48 Arson
33:23 Castle Age
Connection lost

Rejoining the realm…

Still unreachable

The connection could not be restored.

Session expired

The server has moved on; the page needs a fresh start.